 Dungeon Crawl Stone Soup version 0.16.1-11-g651b585 (webtiles) character file.

2966 ztt the Cleaver (level 9, -3/79 HPs)
             Began as a Minotaur Fighter on Mar 31, 2015.
             Was a Follower of Okawaru.
             Slain by a warg (7 damage)
             ... on level 7 of the Dungeon.
             The game lasted 00:08:26 (5143 turns).

ztt the Cleaver (Minotaur Fighter)                  Turns: 5143, Time: 00:08:26

Health: -3/79      AC: 12    Str: 29    XL:     9   Next: 52%
Magic:  4/4        EV: 12    Int:  5    God:    Okawaru [*.....]
Gold:   372        SH: 12    Dex: 13    Spells: 0 memorised, 8 levels left

rFire  . . .     SeeInvis .     a - +1 war axe
rCold  . . .     Clarity  .     b - +0 scale mail
rNeg   + . .     SustAb   .     c - +0 shield
rPois  .         Gourm    .     (helmet restricted)
rElec  .         Spirit   .     L - +0 cloak
rCorr  .         Warding  +     v - +2 pair of gloves
rMut   .         Stasis   .     (no boots)
MR     .....                    p - amulet of warding
Stlth  ..........               (no ring)
                                k - +3 ring of dexterity

@: mighty, not resistant to hostile enchantments, extremely unstealthy
A: retaliatory headbutt, horns 2
a: Heroism, Renounce Religion


You were on level 7 of the Dungeon.
You worshipped Okawaru.
Okawaru was aware of your devotion.
You were not hungry.

You visited 1 branch of the dungeon, and saw 7 of its levels.

You collected 372 gold pieces.

Inventory:

Hand weapons
 a - a +1 war axe (weapon)
 z - a -1 executioner's axe
Armour
 b - a +0 scale mail (worn)
 c - a +0 shield (worn)
 v - a +2 pair of gloves (worn)
 L - a +0 cloak (worn)
Jewellery
 k - a +3 ring of dexterity (left hand)
 p - an amulet of warding (around neck)
 x - a cursed ring of loudness {unknown}
Magical devices
 f - a wand of slowing (28)
 F - a wand of polymorph (12)
 J - a wand of fire (6)
 K - a wand of confusion (19)
 M - a wand of disintegration (10)
Scrolls
 g - a scroll of amnesia
 h - 2 scrolls of fear
 m - 10 scrolls of identify
 s - 4 scrolls of remove curse
 t - 4 scrolls of enchant armour
 u - 2 scrolls of immolation {unknown}
 y - a scroll of teleportation
 A - a scroll of enchant weapon
 D - a scroll of recharging {unknown}
Potions
 e - a potion of might
 i - a potion of ambrosia {unknown}
 j - 8 potions of curing {unknown}
 n - 3 potions of brilliance {unknown}
 o - a potion of agility
 q - 3 potions of lignification {unknown}
 r - 2 potions of invisibility {unknown}
 w - a potion of haste {unknown}
 B - 2 potions of degeneration {unknown}
 C - 2 potions of restore abilities {unknown}
 G - a potion of berserk rage {unknown}
 H - a potion of poison {unknown}
Comestibles
 d - 5 bread rations
 l - a meat ration
 E - 2 royal jellies
 I - a slice of pizza


   Skills:
 + Level 7.2 Fighting
 + Level 8.4 Axes
 + Level 7.4 Armour
 + Level 6.4 Dodging
 + Level 0.1 Stealth
 + Level 8.2 Shields


You had 8 spell levels left.
You didn't know any spells.

Dungeon Overview and Level Annotations

Branches:
Dungeon (7/15)
 Temple: D:4-7

Altars:
Cheibriados
Dithmenos
Fedhas
Kikubaaqudgha
Makhleb
Nemelex Xobeh
Okawaru
Sif Muna
Trog
Xom
Yredelemnul
Zin

Annotations:
D:3 1 runed door


Innate Abilities, Weirdness & Mutations

You reflexively headbutt those who attack you in melee.
You have a pair of horns on your head.


Message History

The warg bites you!
* * * LOW HITPOINT WARNING * * *
The warg pauses to sniff the ground.
You block the warg's attack.
Drink which item? (? for menu, Esc to quit)
Okay, then.
You block the warg's attack.
Drink which item? (? for menu, Esc to quit)
You feel very mighty all of a sudden. You block the warg's attack.
You barely miss the warg. Your headbutt misses the warg.
The warg is moderately wounded.
You block the warg's attack. x2
You hit the warg.
The warg is heavily wounded.
You block the warg's attack.
You barely miss the warg.
The warg is heavily wounded.
You block the warg's attack. The warg bites you!
You die...

###.##.##..
#....##..
#.#####.#
##########.#######
#.................
#.################
#.# #.# #@# #h#
#h# #.# #.# #.#
#.# #.# #.#


You could see 2 wargs.

Vanquished Creatures
  Pikel (D:7)
  The ghost of ZiggyStardust the Skirmisher, an average OgWr (D:3)
  Eustachio (D:7)
  2 wargs (D:7)
  Edmund (D:7)
  A phantom (D:6)
  A sky beast (D:6)
  3 centaurs
  2 slaves (D:7)
  An ogre (D:6)
  An ice beast (D:7)
  A giant frog (D:6)
  10 scorpions
  A crimson imp (D:7)
  2 hounds (D:4)
  A giant frog zombie (D:6)
  A quasit (D:7)
  A gnoll shaman (D:6)
  3 orc wizards
  An iron imp (D:7)
  An orc priest (D:4)
  An iguana (D:4)
  2 worker ants
  Ijyb (D:3)
  Jessica (D:3)
  A hound skeleton (D:6)
  A worker ant zombie (D:5)
  13 gnolls
  6 adders
  A white imp (D:7)
  2 giant mites
  2 worms (D:2)
  A shadow imp (D:7)
  5 giant geckos
  2 oozes
  17 orcs
  A bat skeleton (D:6)
  A bat zombie (D:6)
  4 giant cockroaches
  8 goblins
  11 hobgoblins
  7 jackals
  2 quokkas
  A ball python skeleton (D:4)
  13 bats
  A giant gecko skeleton (D:4)
  5 giant newts
  14 kobolds
  8 rats
  2 ballistomycetes (D:6)
171 creatures vanquished.

Vanquished Creatures (others)
  A giant spore (D:6)
  3 fungi (D:4)
4 creatures vanquished.

Grand Total: 175 creatures vanquished

Notes
Turn   | Place    | Note
--------------------------------------------------------------
     0 | D:1      | ztt, the Minotaur Fighter, began the quest for the Orb.
     0 | D:1      | Reached XP level 1. HP: 19/19 MP: 1/1
   119 | D:1      | Reached XP level 2. HP: 25/27 MP: 1/1
   626 | D:1      | Reached skill level 4 in Fighting
   966 | D:2      | Reached XP level 3. HP: 20/33 MP: 2/2
   975 | D:2      | Found a shadowy altar of Dithmenos.
  1099 | D:2      | Found a shimmering altar of Xom.
  1115 | D:2      | Found a sparkling altar of Nemelex Xobeh.
  1132 | D:2      | Found a burning altar of Makhleb.
  1579 | D:2      | Found an ancient bone altar of Kikubaaqudgha.
  1667 | D:3      | Noticed Jessica
  1681 | D:3      | Killed Jessica
  1681 | D:3      | Reached skill level 1 in Dodging
  1681 | D:3      | Reached XP level 4. HP: 36/40 MP: 2/2
  1757 | D:3      | Noticed ZiggyStardust's ghost (average OgWr)
  1769 | D:3      | Killed ZiggyStardust's ghost
  1769 | D:3      | Reached skill level 5 in Shields
  1769 | D:3      | Reached XP level 5. HP: 29/47 MP: 2/2
  1846 | D:3      | Noticed Ijyb
  1858 | D:3      | Killed Ijyb
  1858 | D:3      | Reached skill level 5 in Armour
  1871 | D:3      | Found a glowing silver altar of Zin.
  1872 | D:3      | Found a runed door.
  1872 | D:3      | Noticed an angel
  1904 | D:3      | Noticed a centaur
  1909 | D:3      | Killed a centaur
  1909 | D:3      | Reached XP level 6. HP: 48/53 MP: 3/3
  2022 | D:3      | Found a snail-covered altar of Cheibriados.
  2695 | D:4      | Reached skill level 5 in Axes
  2701 | D:4      | Reached XP level 7. HP: 51/60 MP: 3/3
  2969 | D:4      | Reached skill level 5 in Fighting
  3134 | D:4      | Reached skill level 6 in Armour
  3499 | D:5      | Entered Level 5 of the Dungeon
  3682 | D:5      | Reached XP level 8. HP: 49/69 MP: 3/3
  3806 | D:5      | Found a blossoming altar of Fedhas.
  3947 | D:5      | Found a deep blue altar of Sif Muna.
  4116 | D:6      | Found an iron altar of Okawaru.
  4186 | D:6      | Became a worshipper of Warmaster Okawaru
  4308 | D:6      | Reached skill level 7 in Shields
  4408 | D:6      | Reached skill level 5 in Dodging
  4770 | D:7      | Noticed Eustachio
  4798 | D:7      | Killed Eustachio
  4798 | D:7      | Reached XP level 9. HP: 74/78 MP: 4/4
  4828 | D:7      | Found a bloodstained altar of Trog.
  4853 | D:7      | Noticed Edmund
  4869 | D:7      | Killed Edmund
  4869 | D:7      | Acquired Okawaru's first power
  4875 | D:7      | Found a basalt altar of Yredelemnul.
  4990 | D:7      | Noticed Pikel
  5006 | D:7      | Killed Pikel
  5006 | D:7      | Reached skill level 8 in Axes
  5134 | D:7      | HP: 2/79 [warg (12)]
  5143 | D:7      | Slain by a warg

Action                   |  1- 3 |  4- 6 |  7- 9 || total
-------------------------+-------+-------+-------++-------
Melee: War axe           |    87 |    84 |   294 ||   465
  Use: Scroll            |     5 |     5 |       ||    10
       Potion            |       |     1 |     1 ||     2
  Eat: Beef jerky        |     1 |       |       ||     1
       Meat ration       |       |     1 |     1 ||     2
       Royal jelly       |       |     1 |       ||     1
       Chunk             |       |       |     3 ||     3
